 Dungeon Crawl Stone Soup version 0.29-a0-341-g24ffce5b50 (webtiles) character file.

Game seed: 11318087912217186847

29996 Morbidden the Grappler (level 13, -3/122 HPs)
             Began as a Troll Brigand on Apr 16, 2022.
             Was a Follower of Ignis.
             Slain by a slime creature (12 damage)
             ... on level 2 of the Pits of Slime on Apr 20, 2022.
             The game lasted 00:21:24 (12424 turns).

Morbidden the Grappler (Troll Brigand)             Turns: 12424, Time: 00:21:25

Health: -3/122     AC:  9    Str: 22    XL:     13   Next: 18%
Magic:  19/19      EV: 12    Int:  7    God:    Ignis [*.....]
Gold:   614        SH:  5    Dex: 13    Spells: 21/21 levels left

rFire   + . .      SeeInvis .     - Unarmed
rCold   . . .      Faith    .   (no shield)
rNeg    . . .      Spirit   .   n - +0 robe {Will+}
rPois   .          Reflect  +   (helmet restricted)
rElec   +          Harm     .   c - +0 cloak
rCorr   .          Rampage  .   (gloves unavailable)
Will    +....                   (boots unavailable)
Stlth   ++........              w - amulet of reflection
HPRegen 1.10/turn               g - +4 ring of slaying
MPRegen 0.16/turn               K - ring "Suawu" {rElec AC+4 Int-4 Dex+2}

@: studying Maces & Flails, invisible
A: large, unfitting armour, claws 3, regeneration 1, shaggy fur 1, tough skin 1
a: Renounce Religion, Fiery Armour, Foxfire Swarm, Rising Flame


You were on level 2 of the Pits of Slime.
You worshipped Ignis.
Ignis was aware of your devotion.
You visited 4 branches of the dungeon, and saw 18 of its levels.

You collected 614 gold pieces.

Inventory:

Missiles
 b - 4 atropa-tipped darts
 d - 14 poisoned darts (quivered)
 e - 3 curare-tipped darts
 i - 3 large rocks
 C - a throwing net
 N - 6 javelins
Armour
 c - a +0 cloak (worn)
 n - a +0 robe of willpower (worn)
Jewellery
 g - a +4 ring of slaying (left claw)
 j - a ring of flight
 t - a ring of magical power
 w - an amulet of reflection (around neck)
 y - a ring of wizardry
 K - the ring "Suawu" (right claw) {rElec AC+4 Int-4 Dex+2}
   (You found it on level 8 of the Dungeon)

   [ring of protection]

   AC:        It affects your AC (+4).
   Int:       It affects your intelligence (-4).
   Dex:       It affects your dexterity (+2).
   rElec:     It insulates you from electricity.
Wands
 I - a wand of charming (5)
 L - a wand of mindburst (7)
 P - a wand of paralysis (6)
Scrolls
 a - 3 scrolls of identify
 h - 2 scrolls of holy word
 k - 2 scrolls of fog
 u - 3 scrolls of amnesia
 D - a scroll of vulnerability
 F - 2 scrolls of enchant weapon
 G - a scroll of enchant armour
 H - 3 scrolls of teleportation
 J - a scroll of immolation
Potions
 f - 4 potions of curing
 l - 4 potions of brilliance
 o - 4 potions of haste
 p - 5 potions of mutation
 r - 2 potions of attraction
 s - 2 potions of cancellation
 v - a potion of might
 z - a potion of flight
 A - 3 potions of degeneration
 B - 2 potions of resistance
 M - a potion of berserk rage {unknown}
Miscellaneous
 O - a tin of tremorstones (2/2)


   Skills:
 * Level 6.3 Fighting
 + Level 1.5 Short Blades
 * Level 8.4 Throwing
 * Level 7.4 Dodging
 + Level 3.4 Stealth
 + Level 2.5 Shields
 * Level 14.7 Unarmed Combat
 * Level 4.7 Spellcasting


You had 21 spell levels left.
You didn't know any spells.
Your spell library contained the following spells:

 Spells                   Type           Power      Damage    Failure   Level
 Confusing Touch          Hex            1%         N/A       65%         3
 Dazzling Flash           Conj/Hex       2%         N/A       65%         3
 Inner Flame              Hex/Fire       1%         N/A       65%         3
 Cause Fear               Hex            0%         N/A       96%         4
 Agony                    Necr           1%         N/A       100%        5
 Silence                  Hex/Air        0%         N/A       100%        5
 Yara's Violent Unravell  Hex/Tmut       0%         3d3       100%        5
 Enfeeble                 Hex            0%         N/A       100%        7
 Discord                  Hex            0%         N/A       100%        8


Dungeon Overview and Level Annotations

Branches:
Dungeon (8/15)             Temple (1/1) D:6            Lair (5/6) D:8
 Shoals (0/4) Lair:4        Snake (0/4) Lair:4        Slime (4/5) Lair:5

Altars:
Ashenzari
Cheibriados
Dithmenos
Elyvilon
Fedhas
Gozag
Hepliaklqana
Kikubaaqudgha
Makhleb
Nemelex Xobeh
Okawaru
Qazlal
Ru
Sif Muna
Trog
Uskayaw
Vehumet
Wu Jian
Xom
Yredelemnul
Zin
The Shining One
Ignis

Shops:
D:6 [

Annotations:
D:8 1 runed translucent door, hemabe71's ghost, novice HuAr
Lair:5 exclusion: hydra


Innate Abilities, Weirdness & Mutations

You are too large for most types of armour.
You have claws for hands.
Your natural rate of healing is unusually fast.
You are covered in fur. (AC +1)
You have tough skin. (AC +1)


Message History

The slime creature is heavily wounded.
The slime creature hits you. The slime creature barely misses you.
Unknown command.
You completely miss the slime creature.
The slime creature is moderately wounded.
The slime creature hits you but does no damage.
Unknown command.
You claw the slime creature! Your claw misses the slime creature.
The slime creature is severely wounded.
The slime creature quivers.
The slime creature hits you!
* * * LOW HITPOINT WARNING * * *
The slime creature barely misses you.
Unknown command.
You scratch the slime creature.
The slime creature is severely wounded.
Unknown command.
You mangle the slime creature!!
You kill the slime creature!
Unknown command.
You strike the helpless slime creature from behind!
You scratch the slime creature. Your claw misses the slime creature.
The slime creature is lightly wounded.
Unknown command.
You scratch the slime creature.
The slime creature is lightly wounded.
You scratch the slime creature. You claw the slime creature!!
The slime creature is moderately wounded.
The slime creature hits you!
* * * LOW HITPOINT WARNING * * *
Unknown command.
You scratch the slime creature.
The slime creature is heavily wounded.
The slime creature hits you!
* * * LOW HITPOINT WARNING * * *
Unknown command.
You claw the slime creature! You claw the slime creature!!
The slime creature is almost dead.
The slime creature hits you!
You die...

##.....#.##...
###.......##....
##.##.....##.....
###...#............ ##
##.##.......^.......
#.###...................
....##...........###....
#..........###....####..
###....@...##....## #..
#......J.######### #..
.........# #..
#........# .. .........#
...........
.............
...............
.........##.###


You could see a slime creature (can't see you).

Vanquished Creatures
  Amaemon (Lair:2)
  A glowing orange brain (Slime:3)
  A flayed ghost (D:8)
  4 black mambas
  An orange demon (Lair:3)
  An eye of devastation (Slime:1)
  7 cane toads
  A rime drake (Lair:1)
  6 komodo dragons
  7 blink frogs (Lair:1)
  28 slime creatures
  12 dream sheep
  4 wraiths (D:8)
  A shadow (D:8)
  35 yaks
  3 wyverns
  4 basilisks
  9 fire bats (D:8)
  A steam dragon (D:8)
  15 water moccasins
  An ice beast (D:7)
  A sky beast (D:5)
  7 black bears
  6 centaurs
  6 wolves (Lair:5)
  A phantom (D:5)
  8 bullfrogs
  A gnoll sergeant (D:6)
  A wyvern zombie (D:7)
  2 scorpions (D:5)
  2 necrophages
  A wight (D:8)
  5 killer bees (D:8)
  5 howler monkeys
  16 jellies
  A bullfrog zombie (D:7)
  3 centaur zombies (D:7)
  A hound (D:7)
  A human zombie (D:7)
  2 orc priests
  7 orc wizards
  3 iguanas
  2 killer bee zombies (D:7)
  3 mummies (D:7)
  4 gnolls
  A howler monkey zombie (D:7)
  7 adders
  2 shadow imps
  2 white imps
  An ufetubus (D:5)
  A worm (D:2)
  3 dart slugs
  12 orcs
  8 ball pythons
  6 endoplasms
  2 giant cockroaches (D:1)
  6 goblins
  8 hobgoblins
  7 jackals
  2 quokkas
  87 bats
  4 frilled lizards
  3 kobolds
  7 rats
401 creatures vanquished.

Vanquished Creatures (others)
  A yak (Lair:1)
  65 foxfires
  3 fungi
  17 plants
86 creatures vanquished.

Grand Total: 487 creatures vanquished

Notes
Turn   | Place    | Note
-------+----------+-------------------------------------------
     0 | D:1      | Morbidden the Troll Brigand began the quest for the Orb.
     0 | D:1      | Reached XP level 1. HP: 19/19 MP: 0/0
   110 | D:1      | Reached skill level 1 in Dodging
   115 | D:1      | Reached XP level 2. HP: 23/27 MP: 1/1
   193 | D:1      | Found a faded altar of an unknown god.
   338 | D:1      | Prayed at the altar of an unknown god.
   338 | D:1      | Became a worshipper of Ignis, the Dying Flame
   764 | D:2      | Reached XP level 3. HP: 29/33 MP: 1/3
  1070 | D:2      | Reached skill level 1 in Unarmed Combat
  1127 | D:2      | Reached skill level 1 in Spellcasting
  1298 | D:2      | Reached XP level 4. HP: 42/42 MP: 4/4
  1925 | D:3      | Reached skill level 2 in Unarmed Combat
  2160 | D:4      | Noticed a black bear
  2172 | D:4      | Killed a black bear
  2173 | D:4      | Reached XP level 5. HP: 36/49 MP: 5/5
  2289 | D:4      | Reached skill level 3 in Unarmed Combat
  2605 | D:5      | Entered Level 5 of the Dungeon
  2607 | D:5      | Reached XP level 6. HP: 57/57 MP: 7/7
  2770 | D:5      | Noticed a sky beast
  2790 | D:5      | Killed a sky beast
  2791 | D:5      | Reached skill level 4 in Unarmed Combat
  2793 | D:5      | Reached XP level 7. HP: 30/66 MP: 8/8
  3065 | D:5      | HP: 3/63 [water moccasin (5)]
  3068 | D:5      | Reached skill level 5 in Unarmed Combat
  3260 | D:6      | Found a staircase to the Ecumenical Temple.
  3263 | D:6      | Reached XP level 8. HP: 72/74 MP: 9/9
  3271 | Temple   | Entered the Ecumenical Temple
  3613 | D:6      | Reached skill level 6 in Unarmed Combat
  3740 | D:6      | Found Ymanoy Lige's Antique Armour Emporium.
  4377 | D:7      | Reached skill level 7 in Unarmed Combat
  4601 | D:7      | Found a basalt altar of Yredelemnul.
  4620 | D:7      | Reached XP level 9. HP: 78/83 MP: 11/11
  5068 | D:8      | Reached skill level 8 in Unarmed Combat
  5291 | D:8      | Reached skill level 9 in Unarmed Combat
  5305 | D:8      | Reached skill level 1 in Shields
  5507 | D:8      | Found a staircase to the Lair.
  5592 | D:8      | Found a runed translucent door.
  5592 | D:8      | Identified the +3 trident "Cudududa" {pain, Fly rPois
                  | Will++}
  5596 | D:8      | Noticed hemabe71's ghost (novice HuAr)
  6139 | D:8      | Reached skill level 10 in Unarmed Combat
  6139 | D:8      | Reached XP level 10. HP: 89/92 MP: 13/13
  6256 | D:8      | Found a burning altar of Makhleb.
  6296 | D:8      | Reached skill level 5 in Throwing
  6432 | D:8      | Found a burning altar of Makhleb.
  6440 | D:8      | Found a runed translucent door.
  6441 | D:8      | Found an iron altar of Okawaru.
  6441 | D:8      | Found a hazy altar of Hepliaklqana.
  6491 | D:8      | Noticed a flayed ghost
  6497 | D:8      | Reached skill level 5 in Dodging
  6505 | D:8      | Found a burning altar of Makhleb.
  6523 | D:8      | Found a hazy altar of Hepliaklqana.
  6552 | D:8      | Killed a flayed ghost
  6553 | D:8      | Reached skill level 11 in Unarmed Combat
  6745 | D:8      | Identified the ring "Suawu" {rElec AC+4 Int-4 Dex+2}
  6872 | Lair:1   | Entered Level 1 of the Lair of Beasts
  7016 | Lair:1   | Noticed a cane toad
  7023 | Lair:1   | Killed a cane toad
  7076 | Lair:1   | Reached XP level 11. HP: 67/101 MP: 14/14
  7170 | Lair:1   | Upgraded the game from 0.29-a0-337-g68df138881 to
                  | 0.29-a0-341-g24ffce5b50
  7687 | Lair:1   | Reached skill level 12 in Unarmed Combat
  7698 | Lair:1   | Reached skill level 5 in Fighting
  9020 | Lair:2   | Reached XP level 12. HP: 104/111 MP: 17/17
  9508 | Lair:3   | Noticed Amaemon
  9520 | Lair:2   | Killed Amaemon
  9521 | Lair:2   | Reached skill level 13 in Unarmed Combat
 10977 | Lair:4   | Found a staircase to the Snake Pit.
 11028 | Lair:5   | Noticed an eight-headed hydra
 11052 | Lair:4   | Found a staircase to the Shoals.
 11413 | Lair:5   | Reached skill level 14 in Unarmed Combat
 11606 | Lair:5   | Found a staircase to the Slime Pits.
 11651 | Slime:1  | Entered Level 1 of the Pits of Slime
 11942 | Slime:2  | Reached XP level 13. HP: 50/120 MP: 18/18
 12241 | Slime:4  | Noticed a quicksilver ooze
 12424 | Slime:2  | Slain by a slime creature

Illustrated notes

Levels and vault maps discovered:
D:1:      lightli_iron_boxes, layout_loops_ring,
          ebering_ecumenical_altar_sacrificial
D:2:      layout_basic, nicolae_concentric_dashed_squares_wild, fountainhead,
          kennysheep_cross_bottleneck, minmay_split_cup_small
D:3:      layout_basic
D:4:      layout_rooms
D:5:      layout_rooms
D:6:      layout_rooms, minmay_temple_entry_wispy, serial_shops,
          nicolae_diamond_shop
D:7:      layout_basic, lemuel_mausoleum_altar_yredelemnul, grunt_ministairs_12
D:8:      due_megacathedral, layout_loops_ring, ebering_ghost_funeral_grove,
          minmay_manual_mess
Temple:   grunt_wide_crystal_templ
Lair:1:   layout_layer_cave, beast_lair_carwin_10
Lair:2:   layout_regular_city, grunt_megastairs_4, infiniplex_staircase_pool_2
Lair:3:   layout_hall_layers, uniq_amaemon
Lair:4:   layout_roguey, minmay_shoals_entry_lonely_mermaid,
          guppyfry_snake_entry_garden, minmay_lair_oklob_bushes
Lair:5:   layout_cellular_growth, minmay_slime_entry_jelly_boxes
Slime:1:  layout_caves
Slime:2:  cheibrodos_slime_lost_civilization_3, layout_caves
Slime:3:  layout_caves
Slime:4:  layout_caves

Skill      XL: |  1  2  3  4  5  6  7  8  9 10 11 12 |
---------------+-------------------------------------+-----
Dodging        | 1 2 3 4 5 6 7 |  7.4
Unarmed Combat | 1 2 3 4 5 7 10 11 12 14 | 14.7
Spellcasting   | 1 2 3 4 |  4.7
Throwing       | 2 3 4 5 7 8 |  8.4
Fighting       | 2 3 4 5 6 |  6.3
Stealth        | 3 |  3.4
Shields        | 1 2 |  2.5
Short Blades   | |  1.5

Action                   |  1- 3 |  4- 6 |  7- 9 | 10-12 | 13-15 || total
-------------------------+-------+-------+-------+-------+-------++-------
Melee: Unarmed           |   116 |    89 |   264 |   602 |    71 ||  1142
       Punch             |     2 |     2 |     8 |    38 |    12 ||    62
Throw: Boomerang         |       |     7 |     6 |    52 |       ||    65
       Dart              |       |       |       |   108 |     1 ||   109
Invok: Fiery Armour      |       |       |     3 |     2 |       ||     5
       Foxfire Swarm     |       |       |       |     4 |       ||     4
  Use: Potion            |       |       |     2 |     7 |     4 ||    13
       Scroll            |       |       |     6 |    14 |       ||    20
 Stab: Sleeping          |     8 |     5 |     9 |     1 |       ||    23
       Invisible         |       |       |       |     1 |     3 ||     4
Armor: Robe              |    62 |    30 |    84 |   139 |     7 ||   322
       Skin              |       |       |       |    14 |    10 ||    24
Dodge: Dodged            |    48 |    34 |   126 |   270 |    16 ||   494
Block: Other             |       |       |    40 |   127 |     7 ||   174
       Reflection        |       |       |     1 |       |       ||     1

Table legend: (Time is in decaauts)
 A = Elapsed time spent in this place.
 B = Non-inter-level travel time spent in this place.
 C = Inter-level travel time spent in this place.
 D = Time resting spent in this place.
 E = Time spent auto-exploring this place.
 F = Levels seen in this place.
 G = Mean time per level.
                   A        B        C        D        E       F      G
               +--------+--------+--------+--------+--------+-----+--------+
         Total |  12188 |  11649 |    539 |   1467 |   7528 |  18 |  677.1 |
       Dungeon |   6812 |   6501 |    311 |    604 |   4484 |   8 |  851.5 |
        Temple |     69 |     54 |     15 |      0 |     37 |   1 |   69.0 |
          Lair |   4582 |   4390 |    192 |    513 |   2948 |   5 |  916.4 |
    Slime Pits |    723 |    702 |     21 |    350 |     59 |   4 |  180.8 |
               +--------+--------+--------+--------+--------+-----+--------+

Top non-repeatable levels by time:
     D:8: 1884 daAuts
  Lair:1: 1628 daAuts
  Lair:3: 1194 daAuts
     D:7: 1138 daAuts
  Lair:2: 1016 daAuts
     D:2: 757 daAuts
     D:5: 700 daAuts
     D:1: 694 daAuts
     D:3: 681 daAuts
 Slime:2: 579 daAuts
     D:6: 488 daAuts
     D:4: 467 daAuts
  Lair:5: 401 daAuts
  Lair:4: 341 daAuts
 Slime:3: 104 daAuts
